 Dungeon Sprint DCSS version 0.14-a0-1626-g054e7ae (console) character file.

28 Illaniel the Magician (level 3, -1/20 HPs)
             Began as a Deep Elf Fire Elementalist on Dec 26, 2013.
             Slain by an elf
             ... wielding a +1,+0 elven scimitar
              (4 damage)
             ... in the Dungeon (Sprint III: "The Ten Rune Challenge").
             The game lasted 00:02:59 (339 turns).

Illaniel the Magician (Deep Elf Fire Elementalist)   Turns: 339, Time: 00:02:59

HP  -1/20        AC  2     Str  5      XL: 3   Next:  0%
MP   5/13        EV 13     Int 20      God:
Gold 0           SH  0     Dex 15      Spells:  4 memorised,  2 levels left

rFire  . . .     SeeInvis .     (no weapon)
rCold  . . .     Clarity  .     a - +0 elf robe
rNeg   . . .     Conserve .     (no shield)
rPois  .         rCorr    .     (no helmet)
rElec  .         rRot     .     (no cloak)
SustAb . .       Spirit   .     (no gloves)
rMut   .         Warding  .     (no boots)
Saprov . . .     NoTele   +     (no amulet)
                                (no ring)
                                (no ring)

@: very slightly contaminated, slightly resistant to hostile enchantments,
stealthy
A: no striking features
a: no special abilities


You were in the Dungeon.
You were not hungry.

You visited 1 branch

Inventory:

Armour
 a - a +0 elven robe (worn)
Comestibles
 c - a bread ration
Scrolls
 i - a scroll of blinking
 j - a scroll of curse weapon {unknown}
Potions
 d - a potion of curing
 e - a potion of heal wounds
 f - a potion of speed
 h - a potion of berserk rage
 k - a potion of lignification {unknown}
Books
 b - a book of Flames

   Spells                             Type                      Level
   *Flame Tongue                      Conjuration/Fire             1
   *Throw Flame                       Conjuration/Fire             2
   *Conjure Flame                     Conjuration/Fire             3
   *Inner Flame                       Hexes/Fire                   3
   Sticky Flame                       Conjuration/Fire             4
   Fireball                           Conjuration/Fire             5


   Skills:
 + Level 1.0 Fighting
 + Level 3.5 Dodging
 + Level 3.7 Stealth
 * Level 4.7 Spellcasting
 * Level 3.1 Conjurations
 * Level 4.4 Fire Magic


You had 2 spell levels left.
You knew the following spells:

 Your Spells              Type           Power        Failure   Level  Hunger
a - Flame Tongue          Conj/Fire      ###..        2%          1    None
b - Throw Flame           Conj/Fire      ###...       4%          2    None
k - Inner Flame           Hex/Fire       ##......     17%         3    ###....
F - Conjure Flame         Conj/Fire      ###.....     10%         3    ###....


Dungeon Overview and Level Annotations

Branches:
Dungeon (1/1)

Altars:


Message History

The arrow of flame hits you!
* * * LOW HITPOINT WARNING * * *
Casting: Throw Flame
Confirm with . or Enter, or press ? or * to list all spells.
Aiming: Throw Flame
Press: ? - help, Shift-Dir - straight line, f/p - elf
Aim: an elf, wielding an elven bow (heavily wounded)
The puff of flame hits the elf.
The elf appears unharmed.
The elf is heavily wounded.
Casting: Throw Flame
Confirm with . or Enter, or press ? or * to list all spells.
Aiming: Throw Flame
Press: ? - help, Shift-Dir - straight line, f/p - elf
Aim: an elf, wielding an elven bow (heavily wounded)
The puff of flame hits the elf.
The elf is heavily wounded.
The elf unwields an uncursed elven bow.
The elf wields an uncursed elven scimitar.
The elf hits you with an uncursed elven scimitar.
You die...

▓▓▓▓▓▓▓▓▓
▓<<∙▒∙∙∙▒▒▒▒
▓∙∙∙▒∙∙∙∙∙∙▒▒
▓∙∙▒▒∙∙∙∙∙∙∙▒
▓▒▒∙▒▒∙▒▒∙∙∙▒
▒▒∙▒▒∙▒▒▒∙∙▒ ∙
▓▒∙▒▒▒▒∙▒▒)∙▒ ∙∙∙
▓∙▒▒▒∙∙▒▒(∙▒▒
▒e∙∙▒ ▓▒∙∙∙∙∙▒▒∙@▒
▒∙∙∙∙▒
▒▒▒∙∙▒▒∙∙e▒▒∙∙∙∙∙▒
▒▒∙∙▒▒∙∙∙∙▒∙∙∙∙∙∙▒
▒∙∙▒▒▒∙∙▒▒∙▒ ▒∙∙▒
▒∙∙▒▒▒▒ ▓▓▓▓ ▓▓▓▓


You could see an elf.

Vanquished Creatures
  Jessica (D)
  A giant mite (D)
  A grey rat (D)
  An ooze (D)
4 creatures vanquished.

Vanquished Creatures (others)
  2 draconian scorchers (D)
  2 plants (D)
4 creatures vanquished.

Grand Total: 8 creatures vanquished

Notes
Turn   | Place    | Note
--------------------------------------------------------------
     0 | D        | Illaniel, the Deep Elf Fire Elementalist, began the quest for the Orb.
     0 | D        | Reached XP level 1. HP: 10/10 MP: 5/5
   205 | D        | Reached skill level 4 in Spellcasting
   205 | D        | Reached XP level 2. HP: 14/16 MP: 6/9
   209 | D        | Learned a level 2 spell: Throw Flame
   211 | D        | Noticed Jessica
   232 | D        | Killed a white draconian scorcher
   255 | D        | Killed Jessica
   255 | D        | Reached skill level 1 in Fighting
   255 | D        | Reached XP level 3. HP: 17/20 MP: 10/13
   261 | D        | Learned a level 3 spell: Conjure Flame
   265 | D        | Learned a level 3 spell: Inner Flame
   305 | D        | Killed a white draconian scorcher
   339 | D        | Slain by an elf

Action                   || total
-------------------------++-------
 Cast: Flame Tongue      ||    10
       Throw Flame       ||    11
       Conjure Flame     ||     2
  Use: Potion            ||     2
